 Dungeon Crawl Stone Soup version 0.29-a0-581-ge9a90b782e (webtiles) character file.

Game seed: 15205052505143639472

4 Lekart the Skirmisher (level 1, -1/19 HPs)
             Began as a Draconian Monk on June 14, 2022.
             Slain by a kobold
             ... wielding a +0 whip of electrocution
              (4 damage)
             ... on level 1 of the Dungeon.
             The game lasted 00:00:14 (134 turns).

Lekart the Skirmisher (Draconian Monk)               Turns: 134, Time: 00:00:15

Health: -1/19      AC:  4    Str: 13    XL:     1   Next: 50%
Magic:  1/1        EV: 12    Int: 10    God:
Gold:   0          SH:  0    Dex: 13    Spells: 0/0 levels left

rFire   . . .      SeeInvis .   a - +0 falchion
rCold   . . .      Faith    .   (no shield)
rNeg    . . .      Spirit   .   (body armour unavailable)
rPois   .          Reflect  .   (helmet restricted)
rElec   .          Harm     .   (no cloak)
rCorr   .          Rampage  .   (no gloves)
Will    .....                   (no boots)
Stlth   ++........              (no amulet)
HPRegen 0.06/turn               (no ring)
MPRegen 0.07/turn               (no ring)

@: no status effects
A: AC +4, unfitting armour, cold-blooded
a: no special abilities


You were on level 1 of the Dungeon.
You visited 1 branch of the dungeon, and saw 1 of its levels.

Inventory:

Hand Weapons
 a - a +0 falchion (weapon)
Potions
 b - a potion of ambrosia


   Skills:
 + Level 3.3 Fighting
 + Level 3.1 Long Blades
 + Level 2.8 Dodging
 - Level 1.7 Stealth


You couldn't memorise any spells.
You didn't know any spells.
Your spell library was empty.

Dungeon Overview and Level Annotations

Branches:
Dungeon (1/15)

Altars:


Innate Abilities, Weirdness & Mutations

Your plain brown scales are hard. (AC +4)
You cannot fit into any form of body armour.
You are cold-blooded and may be slowed by cold attacks.


Message History

You hit the kobold.
The kobold is heavily wounded.
The kobold hits you but does no damage.
You hit the kobold.
You kill the kobold!
The kobold hits you with a +0 whip of electrocution.
Things that are here:
a +0 dagger; a kobold corpse You hit the kobold.
The kobold is moderately wounded.
The goblin hits you with a +0 dagger. The kobold barely misses you.
You closely miss the kobold.
The kobold is moderately wounded.
The goblin barely misses you.
The kobold hits you with a +0 whip of electrocution.
You are electrocuted!
* * * LOW HITPOINT WARNING * * *
You are too injured to fight recklessly!
You are too injured to fight recklessly!
You are too injured to fight recklessly!
You are too injured to fight recklessly!
There are monsters nearby!
There are monsters nearby!
You closely miss the kobold.
The kobold is moderately wounded.
The goblin hits you but does no damage. The kobold misses you.
You hit the kobold.
The kobold is severely wounded.
The goblin hits you but does no damage. The kobold barely misses you.
The goblin hits you with a +0 dagger.
* * * LOW HITPOINT WARNING * * *
The kobold barely misses you.
You completely miss the kobold.
Your tail-slap misses the kobold.
The kobold is moderately wounded.
The goblin completely misses you. The kobold hits you but does no damage.
You closely miss the kobold.
The kobold is moderately wounded.
The goblin closely misses you.
The kobold hits you with a +0 whip of electrocution.
You die...

##...... ..8....
#.._.. ##.8... .....
#. #..#
##..####..######.#...
+........?...@K......
...".........g.....#
#....##.#########..#
#####..#.##.####### .
.......#..#........
.......##.#.####...
#####..........+
.....#.###..#.##
.....#.###.>#.#


You could see a goblin and a kobold.

Vanquished Creatures
  An endoplasm (D:1)
  A kobold (D:1)
  A ball python (D:1)
  A frilled lizard (D:1)
4 creatures vanquished.

Notes
Turn   | Place    | Note
-------+----------+-------------------------------------------
     0 | D:1      | Lekart the Draconian Monk began the quest for the Orb.
     0 | D:1      | Reached XP level 1. HP: 19/19 MP: 1/1
   119 | D:1      | Found a faded altar of an unknown god.
   134 | D:1      | Slain by a kobold

Illustrated notes

Levels and vault maps discovered:
D:1:      elethiomel_arrival_infinity_welcomes_careful_drivers, layout_basic,
          dreamdust_ecumenical_altar_statues, serial_shops, shop_statue

Action                   || total
-------------------------++-------
Melee: Falchion          ||    14
 Stab: Sleeping          ||     1
Armor: Skin              ||     6
Dodge: Dodged            ||    11

Table legend: (Time is in decaauts)
 A = Elapsed time spent in this place.
 B = Non-inter-level travel time spent in this place.
 C = Inter-level travel time spent in this place.
 D = Time resting spent in this place.
 E = Time spent auto-exploring this place.
 F = Levels seen in this place.
 G = Mean time per level.
                   A        B        C        D        E       F      G
               +--------+--------+--------+--------+--------+-----+--------+
         Total |    136 |    136 |      0 |      0 |     95 |   1 |  136.0 |
       Dungeon |    136 |    136 |      0 |      0 |     95 |   1 |  136.0 |
               +--------+--------+--------+--------+--------+-----+--------+

Top non-repeatable levels by time:
     D:1: 136 daAuts
